 Dungeon Crawl Stone Soup version 0.14.0-9-g9c5475a (webtiles) character file.

2059 RogerD the Ruffian (level 8, -4/79 HPs)
             Began as a Troll Monk on Apr 13, 2014.
             Was a Believer of Makhleb.
             Killed from afar by Menkaure (17 damage)
             ... with an exploding inner flame
             ... on Level 7 of the Dungeon.
             The game lasted 01:16:30 (4872 turns).

RogerD the Ruffian (Troll Monk)                     Turns: 4872, Time: 01:16:30

HP  -4/79        AC  5     Str 20      XL: 8   Next: 81%
MP   4/4         EV 13     Int  6      God: Makhleb [**....]
Gold 281         SH  0     Dex 14      Spells:  0 memorised,  7 levels left

rFire  . . .     SeeInvis .       - Unarmed
rCold  . . .     Clarity  .     p - +0 robe
rNeg   . . .     Conserve .     (shield restricted)
rPois  .         rCorr    .     (helmet restricted)
rElec  .         rRot     .     (no cloak)
SustAb . .       Spirit   .     (gloves unavailable)
rMut   .         Warding  .     (boots unavailable)
Gourm  +         Stasis   .     (no amulet)
MR     .....                    (no ring)
                                (no ring)

@: not resistant to hostile enchantments, fairly stealthy
A: unfitting armour, claws 3, fast metabolism 3, gourmand, regeneration 2,
saprovore 2, shaggy fur 1, tough skin 2
a: Minor Destruction, Renounce Religion


You were on level 7 of the Dungeon.
You worshipped Makhleb.
Makhleb was pleased with you.
You were not hungry.

You visited 1 branch of the dungeon, and saw 7 of its levels.

You collected 281 gold pieces.

Inventory:

Missiles
 c - 2 tomahawks
 f - 24 darts (quivered)
Armour
 a - a +0 robe
 g - a +0 shield
 p - a +0 robe (worn)
Magical devices
 B - a wand of lightning (5) {unknown}
Comestibles
 b - 4 meat rations
 t - 3 bread rations
 v - 2 apples
Scrolls
 h - 4 scrolls of teleportation
 i - a scroll of amnesia
 l - 5 scrolls of identify
 q - 2 scrolls of blinking
 r - 4 scrolls of remove curse
 w - a scroll of recharging {unknown}
 y - a scroll of fear {unknown}
 A - 3 scrolls of enchant armour {unknown}
Potions
 d - a potion of invisibility {unknown}
 j - 3 potions of curing
 k - a potion of flight {unknown}
 m - a potion of poison {unknown}
 n - a potion of brilliance {unknown}
 z - 3 potions of agility {unknown}
Books
 x - a book of the Warp

   Spells                             Type                      Level
   Control Teleport                   Charms/Translocation         4
   Phase Shift                        Translocation                5
   Warp Weapon                        Charms/Translocation         5
   Summon Forest                      Summoning/Translocation      5
   Dispersal                          Translocation                6
   Controlled Blink                   Translocation                7
   Disjunction                        Translocation                8
Rods
 s - a +0 rod of ignition (10/10)
   (You found it on level 4 of the Dungeon)


   Skills:
 + Level 4.6 Fighting
 + Level 1.0 Throwing
 + Level 6.4 Dodging
 + Level 2.6 Stealth
 + Level 7.3 Unarmed Combat
 + Level 0.3 Invocations
 + Level 1.0 Evocations


You had 7 spell levels left.
You didn't know any spells.

Dungeon Overview and Level Annotations

Branches:
Dungeon (7/15)
 Temple: D:4-7

Altars:
Cheibriados
Elyvilon
Makhleb
Vehumet

Shops:
D:5 (


Innate Abilities, Weirdness & Mutations

You are too large for most types of armour.
You have claws for hands.
Your metabolism is lightning-fast.
You like to eat raw meat.
You heal very quickly.
You can eat rotten meat.
You are covered in fur (AC +1).
You have very tough skin (AC +2).


Message History

You barely miss Menkaure.
Menkaure is severely damaged.
Menkaure calls on the powers of darkness!
Your body is wracked with pain!
* * * LOW HITPOINT WARNING * * *
Menkaure calls on the powers of darkness!
Your body is wracked with pain!
* * * LOW HITPOINT WARNING * * *
Drink which item? (? for menu, Esc to quit)
You feel better. Menkaure barely misses you.
Evoke which item? (* to show all) (? for menu, Esc to quit)
Zapping:
B - a glowing fluorescent wand
Press: ? - help, Shift-Dir - straight line, f - Menkaure
Aim: Menkaure (severely damaged, moving very quickly, inner flame)
You hear a mighty clap of thunder!
The bolt of lightning hits Menkaure.
Menkaure explodes!
The fiery explosion engulfs you!
One of your 5 scrolls of teleportation catches fire!
You die...

.. # ... ######.########
... #....#.)..M(.(# ...
#....########.# ....
#...(#######..# ....
#(((.)..@ยงยง...# ....
#.(..#######..# ....
#....# #..### ####
##'### ###....# #.#
#....#.# #.#
##'####.#########
#.######................
#......'......##########
#..#####......#


There were no monsters in sight!

Vanquished Creatures
  The ghost of corax the Covert, an experienced OpAs (D:6)
  Prince Ribbit (D:4)
  Edmund (D:4)
  A sky beast (D:5)
  An orc warrior (D:6)
  2 centaurs (D:7)
  2 giant frogs (D:6)
  4 scorpions (D:5)
  A goliath beetle (D:5)
  A quasit (D:6)
  A crimson imp (D:6)
  An orc priest (D:7)
  A hound (D:4)
  An iguana (D:6)
  An orc wizard (D:6)
  A worker ant (D:6)
  A hound skeleton (D:5)
  An ogre skeleton (D:4)
  7 adders
  A shadow imp (D:7)
  2 giant mites (D:5)
  3 worms
  A giant gecko (D:2)
  3 orcs
  2 giant cockroaches
  10 hobgoblins
  8 jackals
  2 quokkas
  A ball python (D:1)
  13 bats
  6 giant newts
  14 goblins
  5 kobolds (D:1)
  11 rats
  A rat zombie (D:7)
  A fungus (D:5)
114 creatures vanquished.

Vanquished Creatures (others)
  An orc wizard (D:6)
  A hobgoblin (D:4)
  A fungus (D:5)
3 creatures vanquished.

Grand Total: 117 creatures vanquished

Notes
Turn   | Place    | Note
--------------------------------------------------------------
     0 | D:1      | RogerD, the Troll Monk, began the quest for the Orb.
     0 | D:1      | Reached XP level 1. HP: 22/22 MP: 1/1
   471 | D:2      | Reached XP level 2. HP: 25/29 MP: 1/1
   539 | D:2      | Reached XP level 3. HP: 22/36 MP: 2/2
   612 | D:2      | Found a white marble altar of Elyvilon.
  1093 | D:2      | Reached XP level 4. HP: 44/44 MP: 2/2
  1878 | D:4      | Noticed Edmund
  1912 | D:4      | Killed Edmund
  1912 | D:4      | Reached skill level 5 in Unarmed Combat
  1912 | D:4      | Reached XP level 5. HP: 40/53 MP: 2/2
  1925 | D:4      | Noticed Prince Ribbit
  1968 | D:4      | Killed Prince Ribbit
  1968 | D:4      | Reached XP level 6. HP: 24/61 MP: 3/3
  2247 | D:4      | Found a radiant altar of Vehumet.
  2694 | D:5      | Entered Level 5 of the Dungeon
  2722 | D:5      | Identified a +0 rod of ignition (10/10) (You found it on level 4 of the Dungeon)
  2781 | D:5      | Found Phyqaups' Antique Weapon Shop.
  2831 | D:5      | Reached XP level 7. HP: 49/68 MP: 3/3
  2881 | D:5      | Reached skill level 6 in Unarmed Combat
  3482 | D:5      | Found a snail-covered altar of Cheibriados.
  3482 | D:5      | Found a burning altar of Makhleb.
  3490 | D:5      | Became a worshipper of Makhleb the Destroyer
  3490 | D:5      | Acquired Makhleb's first power
  3490 | D:5      | Acquired Makhleb's second power
  3833 | D:6      | Reached skill level 5 in Dodging
  3957 | D:6      | Noticed corax's ghost (experienced OpAs)
  3965 | D:6      | Killed corax's ghost
  3965 | D:6      | Reached XP level 8. HP: 77/79 MP: 3/3
  4129 | D:6      | Reached skill level 1 in Throwing
  4129 | D:6      | Reached skill level 7 in Unarmed Combat
  4847 | D:7      | Reached skill level 1 in Evocations
  4849 | D:7      | Noticed Menkaure
  4872 | D:7      | Killed Menkaure
  4872 | D:7      | Killed from afar by Menkaure

Action                   |  1- 3 |  4- 6 |  7- 9 || total
-------------------------+-------+-------+-------++-------
Melee: Unarmed           |    99 |   107 |   190 ||   396
Throw: Dart              |     7 |       |     2 ||     9
Invok: Minor Destruction |       |       |     1 ||     1
Evoke: Rod               |       |       |     2 ||     2
  Use: Potion            |       |     2 |     5 ||     7
       Scroll            |       |     4 |     5 ||     9
 Stab: Sleeping          |       |     1 |     2 ||     3
